 Dungeon Crawl Stone Soup version 0.26.1-2-gb8aa6d0cf2 (webtiles) character file.

Game seed: 697060343895954798

91 Gadfly the Magician (level 4, 0/24 HPs)
             Began as a Tengu Hedge Wizard on Feb 18, 2021.
             Shot with a stone by a goblin (3 damage)
             ... led by Robin
             ... on level 2 of the Dungeon.
             The game lasted 00:05:21 (3253 turns).

Gadfly the Magician (Tengu Hedge Wizard)            Turns: 3253, Time: 00:05:22

Health: 0/24       AC:  3    Str: 10    XL:     4   Next: 59%
Magic:  5/9        EV: 13    Int: 15    God:
Gold:   190        SH:  0    Dex: 14    Spells: 4/9 levels left

rFire    . . .     SeeInvis .   a - +1 whip (freeze)
rCold    . . .     Faith    .   (no shield)
rNeg     . . .     Spirit   .   l - +0 robe
rPois    .         Reflect  .   c - +1 hat
rElec    .         Harm     .   (no cloak)
rCorr    .         Rampage  .   (no gloves)
Will     .....                  (boots unavailable)
Stlth    ++........             (no amulet)
HPRegen  0.08/turn              (no ring)
MPRegen  0.11/turn              (no ring)

@: no status effects
A: beak, talons 3
a: no special abilities


You were on level 2 of the Dungeon.
You visited 1 branch of the dungeon, and saw 3 of its levels.

You collected 190 gold pieces.

Inventory:

Hand Weapons
 a - a +1 whip of freezing (weapon)
 b - a +3 spear
Armour
 c - a +1 hat (worn)
 l - a +0 robe (worn)
Jewellery
 g - an uncursed ring of fire
Scrolls
 f - a scroll of enchant weapon
 j - a scroll of teleportation
Potions
 d - a potion of haste
 e - a potion of lignification
 h - 2 potions of curing
 i - a potion of brilliance {unknown}


   Skills:
 + Level 0.8 Fighting
 * Level 2.8 Dodging
 - Level 2.0 Stealth
 + Level 3.1 Spellcasting
 * Level 2.3 Conjurations
 * Level 2.1 Summonings
 * Level 1.4 Translocations
 * Level 1.7 Air Magic
 * Level 1.0 Evocations


You had 4 spell levels left.
You knew the following spells:

 Your Spells              Type           Power        Failure   Level
a - Magic Dart            Conj           36%          8%          1
b - Call Imp              Summ           8%           12%         2
c - Blink                 Tloc           N/A          17%         2

Your spell library contained the following spells:

 Spells                   Type           Power        Failure   Level
 Slow                     Hex            2%           30%         2
 Mephitic Cloud           Conj/Pois/Air  6%           32%         3
 Conjure Flame            Conj/Fire      5%           36%         3


Dungeon Overview and Level Annotations

Branches:
Dungeon (3/15)

Altars:
Cheibriados
Fedhas
Qazlal
Ru
Uskayaw
The Shining One

Annotations:
D:3 1 runed translucent door, Robin


Innate Abilities, Weirdness & Mutations

You have a beak for a mouth.
You have claws for feet.


Message History

Casting: Magic Dart (safe; 8% risk of failure)
Confirm with . or Enter, or press ? or * to list all spells.
You blink.
The kobold drinks a potion.
The kobold seems to speed up.
Casting: Blink (safe; 17% risk of failure)
Confirm with . or Enter, or press ? or * to list all spells.
Aiming: Magic Dart (safe; 8% risk of failure)
Press: ? - help, Shift-Dir - straight line, f - kobold
Aim: a kobold (fast, 0% to evade)
The magic dart hits the kobold.
The kobold is severely wounded.
Casting: Magic Dart (safe; 8% risk of failure)
Confirm with . or Enter, or press ? or * to list all spells.
Aiming: Magic Dart (safe; 8% risk of failure)
Press: ? - help, Shift-Dir - straight line, f/p - kobold
Aim: a kobold (severely wounded, fast, 0% to evade)
The magic dart hits the kobold.
You kill the kobold!
The goblin unwields a +0 hand axe.
The goblin wields a +0 hunting sling.
The goblin shoots a stone.
The stone hits you.
You die...

#.# ##.......### ##
####.# ##........#####.
#....# ##......>......
#.#### #...###.#####.
#.# ##.#.###.# ## #.#
#........# ### #.#
#[.#!##### #..
#.########..#.# ##.#
#.##...@..>...# #####...
#)#g..####..#####...##.#
#>.............#.8.8.#.#
###...####.#####.._..#.#
##.## #.# #.8...#.#
#...####.######...'#.#
#.............#####...
#...####.###........⌠.
##### #......#####...


You could see a goblin (strong).

Vanquished Creatures
  Jessica (D:2)
  An adder (D:3)
  A worm (D:2)
  2 leopard geckos
  2 orcs (D:3)
  12 goblins
  10 hobgoblins
  4 jackals
  7 kobolds
  2 bats
  A frilled lizard (D:2)
  A rat (D:1)
44 creatures vanquished.

Notes
Turn   | Place    | Note
-------+----------+-------------------------------------------
     0 | D:1      | Gadfly the Tengu Hedge Wizard began the quest for the Orb.
     0 | D:1      | Reached XP level 1. HP: 10/10 MP: 5/5
   409 | D:1      | Reached skill level 1 in Translocations
   409 | D:1      | Reached XP level 2. HP: 15/15 MP: 0/7
   415 | D:1      | Learned a level 2 spell: Call Imp
   418 | D:1      | Learned a level 2 spell: Blink
   647 | D:1      | Reached skill level 1 in Air Magic
  1504 | D:2      | Reached XP level 3. HP: 17/20 MP: 2/8
  1557 | D:2      | Noticed Jessica
  1788 | D:2      | Found a blossoming altar of Fedhas.
  1790 | D:2      | Found a stormy altar of Qazlal.
  2049 | D:2      | Killed Jessica
  2050 | D:2      | Reached XP level 4. HP: 24/24 MP: 0/9
  2220 | D:2      | Found a snail-covered altar of Cheibriados.
  2230 | D:2      | Found a sacrificial altar of Ru.
  2235 | D:2      | Found a glowing golden altar of the Shining One.
  2240 | D:2      | Found a hide-covered altar of Uskayaw.
  2534 | D:3      | Found a glowing golden altar of the Shining One.
  2534 | D:3      | Noticed an angel
  2546 | D:3      | Found a runed translucent door.
  2747 | D:3      | Reached skill level 1 in Evocations
  2888 | D:3      | Noticed Robin
  3253 | D:2      | Shot with a stone by a goblin

Illustrated notes

Levels and vault maps discovered:
D:1:      dpeg_arrival_chambers_temple_mockup, layout_basic, serial_forest,
          infiniplex_forest_end_2, infiniplex_forest_lined_3,
          infiniplex_forest_lined_4_way, infiniplex_forest_fountain,
          infiniplex_forest_lined_2, infiniplex_forest_lined_3_way,
          infiniplex_forest_lined_ring, infiniplex_forest_straight_3,
          infiniplex_forest_clump_medium, infiniplex_forest_diagonal,
          minmay_misc_feat_tiny
D:2:      layout_loops_ring, grunt_temple_overflow_forces_of_nature,
          grunt_temple_overflow_cloverleaf, uniq_jessica
D:3:      layout_loops_cross, elyvilon_altar_3, lemuel_angel_altar, uniq_robin

Skill      XL: |  1  2  3  4 |
---------------+-------------+-----
Translocations | 1 |  1.4
Air Magic      | 1 |  1.7
Conjurations   | 2 |  2.3
Summonings     | 2 |  2.1
Evocations     | 1 |  1.0
Fighting       | |  0.8
Dodging        | |  2.8
Stealth        | |  2.0
Spellcasting   | |  3.1

Action                   |  1- 3 |  4- 6 || total
-------------------------+-------+-------++-------
Melee: Whip              |    23 |    11 ||    34
       Kick              |     8 |     4 ||    12
       Spear             |     3 |    14 ||    17
       Peck              |     2 |     3 ||     5
 Cast: Magic Dart        |    59 |    31 ||    90
       Blink             |       |     2 ||     2
  Use: Scroll            |     4 |     4 ||     8
       Potion            |       |     1 ||     1
 Stab: Sleeping          |       |     1 ||     1
Armor: Robe              |     3 |     3 ||     6
Dodge: Dodged            |    27 |    29 ||    56
